 Dungeon Crawl Stone Soup version 0.28-a0-60-g54b5640690 (webtiles) character file.

Game seed: 8806362881687753444

1100 rogsnak the Conjurer (level 8, 0/54 HPs)
             Began as a Demonspawn Fire Elementalist on July 31, 2021.
             Slain by an iguana (2 damage)
             ... on level 6 of the Dungeon.
             The game lasted 00:14:42 (6940 turns).

rogsnak the Conjurer (Demonspawn Fire Elementalist) Turns: 6940, Time: 00:14:44

Health: 0/54       AC:  4    Str:  9    XL:     8   Next: 10%
Magic:  24/24      EV: 13    Int: 24    God:
Gold:   304        SH:  0    Dex: 18    Spells: 7/17 levels left

rFire   + . .      SeeInvis .   y - +2 short sword (venom)
rCold   . . .      Faith    .   (no shield)
rNeg    . . .      Spirit   .   E - +0 robe {rF+}
rPois   .          Reflect  .   n - +0 helmet
rElec   .          Harm     .   t - +0 cloak
rCorr   .          Rampage  .   (no gloves)
Will    .....                   (no boots)
Stlth   ++++......              u - amulet of the acrobat
HPRegen 0.18/turn               b - +6 ring of intelligence
MPRegen 0.19/turn               g - ring of magical power

@: no status effects
A: hooves 2, thin skeletal structure 2
a: no special abilities


You were on level 6 of the Dungeon.
You visited 1 branch of the dungeon, and saw 6 of its levels.

You collected 304 gold pieces.

Inventory:

Hand Weapons
 c - a +0 club
 f - a +0 dagger
 k - a +0 mace
 l - a +0 short sword of venom
 r - a +0 quarterstaff
 s - a +2 quarterstaff of chaos
 x - a +0 triple sword
 y - a +2 short sword of venom (weapon)
Missiles
 d - 193 stones
 i - 22 poisoned darts
 j - 54 arrows
Armour
 a - a +0 robe
 n - a +0 helmet (worn)
 t - a +0 cloak (worn)
 D - a +1 ring mail of cold resistance
 E - a +0 robe of fire resistance (worn)
Jewellery
 b - a +6 ring of intelligence (left hand)
 g - a ring of magical power (right hand)
 u - an amulet of the acrobat (around neck)
 v - a +6 ring of dexterity
 C - a ring of positive energy
Scrolls
 e - 2 scrolls of magic mapping {unknown}
 q - 4 scrolls of identify {unknown}
 w - 3 scrolls of teleportation {unknown}
 B - 2 scrolls of noise {unknown}
Potions
 h - a potion of might {unknown}
 m - 2 potions of cancellation {unknown}
 o - a potion of lignification {unknown}
 p - 2 potions of mutation {unknown}
 z - a potion of resistance {unknown}
 A - a potion of degeneration {unknown}
 F - a potion of berserk rage {unknown}


   Skills:
 + Level 1.2 Fighting
 + Level 2.4 Dodging
 - Level 2.0 Stealth
 + Level 5.0 Spellcasting
 * Level 6.0 Conjurations
 + Level 5.0 Fire Magic


You had 7 spell levels left.
You knew the following spells:

 Your Spells              Type           Power      Damage    Failure   Level
a - Foxfire               Conj/Fire      100%       2x1d9     1%          1
b - Sticky Flame          Conj/Fire      32%        2d5       9%          4
c - Fireball              Conj/Fire      16%        3d8       26%         5

Your spell library contained the following spells:

 Spells                   Type           Power      Damage    Failure   Level
 Conjure Flame            Conj/Fire      32%        6-21      2%          3
 Static Discharge         Conj/Air       20%        N/A       3%          2
 Inner Flame              Hex/Fire       18%        N/A       10%         3
 Gell's Gravitas          Tloc           3%         N/A       26%         3
 Lesser Beckoning         Tloc           3%         N/A       26%         3
 Teleport Other           Tloc           6%         N/A       26%         3
 Lightning Bolt           Conj/Air       10%        1d23      56%         5
 Maxwell's Capacitive Co  Air            3%         ∞         100%        8


Dungeon Overview and Level Annotations

Branches:
Dungeon (6/15)
 Temple: D:4-7

Altars:

Shops:
D:2 [

Annotations:
D:5 1 runed translucent door, Harkinian's ghost, novice HOFi


Innate Abilities, Weirdness & Mutations

You have hoof-like feet.
You have a moderately thin skeletal structure. (Dex +4, Stealth++)


Message History

The orc barely misses you. The orc priest misses you.
You completely miss the orc. You kick the orc, but do no damage.
The orc is heavily wounded.
The orc closely misses you.
The orc priest hits you from afar with a +0 trident.
You completely miss the orc. You kick the orc, but do no damage.
The orc is severely wounded.
The orc closely misses you.
The orc priest hits you from afar with a +0 trident.
You barely miss the orc.
The orc is almost dead.
You kill the orc!
The orc priest barely misses you. The orc priest misses you.
The iguana barely misses you.
Items here: ))) [[ †.
The orc priest invokes the aid of Beogh against you.
Pain shoots through your body!
You hit the iguana but do no damage.
The iguana is poisoned.
The orc priest misses you. The iguana closely misses you.
You hit the iguana but do no damage.
The iguana is lightly wounded.
The orc priest barely misses you. The iguana closely misses you.
You hit the iguana but do no damage.
The iguana looks as sick as possible!
You kick the iguana.
The iguana is heavily wounded.
The orc priest hits you but does no damage.
The iguana bites you! The orc priest barely misses you.
You closely miss the iguana. Your kick misses the iguana.
The iguana is heavily wounded.
The iguana barely misses you. The orc priest closely misses you.
The iguana bites you!
* * * LOW HITPOINT WARNING * * *
You hit the iguana but do no damage.
The iguana looks as sick as possible!
You kick the iguana, but do no damage.
The iguana is severely wounded.
The orc priest mumbles some strange prayers to Beogh against you.
Beogh smites you!
* * * LOW HITPOINT WARNING * * *
The iguana bites you.
You die...

..# ##.##
#.##.....
######....#
...<....#########
######..........#
######.###.# .###
#.## ...# #..#
.....##@#
...5..#l#
......o)#
.......[#
.......## #.....#
#.$..# #..## ###


You could see an iguana (extremely poisoned) and an orc priest.

Vanquished Creatures
  Duvessa (D:4)
  A necrophage (D:5)
  An ogre (D:4)
  Dowan (D:4)
  A water moccasin zombie (D:5)
  A hound (D:6)
  An orc priest (D:3)
  Crazy Yiuf (D:3)
  A gnoll shaman (D:5)
  A jelly (D:5)
  A centaur skeleton (D:6)
  5 iguanas
  2 orc wizards
  A hound skeleton (D:4)
  Robin (D:2)
  11 gnolls
  10 adders
  An ufetubus (D:5)
  2 worms
  5 dart slugs
  13 orcs
  7 bats
  5 endoplasms
  6 giant cockroaches
  8 hobgoblins
  6 jackals (D:1)
  4 quokkas
  9 ball pythons
  5 frilled lizards
  21 goblins
  7 kobolds
  9 rats
149 creatures vanquished.

Vanquished Creatures (collateral kills)
  5 foxfires
5 creatures vanquished.

Vanquished Creatures (others)
  525 foxfires
  3 plants (D:2)
528 creatures vanquished.

Grand Total: 682 creatures vanquished

Notes
Turn   | Place    | Note
-------+----------+-------------------------------------------
     0 | D:1      | rogsnak the Demonspawn Fire Elementalist began the quest
                  | for the Orb.
     0 | D:1      | Reached XP level 1. HP: 13/13 MP: 3/3
   447 | D:1      | Gained mutation: You have large cloven feet. [demonic
                  | ancestry]
   447 | D:1      | Reached XP level 2. HP: 19/19 MP: 0/5
  1046 | D:1      | Reached XP level 3. HP: 24/24 MP: 6/6
  1156 | D:1      | Found a faded altar of an unknown god.
  1157 | D:1      | Noticed a shining eye
  1159 | D:1      | Noticed a great orb of eyes
  1165 | D:1      | Noticed a shining eye
  1174 | D:1      | Noticed a golden eye
  1965 | D:2      | Noticed Robin
  2029 | D:2      | HP: 1/25 [Robin (9)]
  2090 | D:2      | Killed Robin
  2091 | D:2      | Reached skill level 2 in Conjurations
  2112 | D:2      | Gained mutation: You have a somewhat thin skeletal
                  | structure. (Dex +2, Stealth+) [demonic ancestry]
  2112 | D:2      | Reached XP level 4. HP: 8/31 MP: 8/8
  2551 | D:2      | Found Fuiruvy's Antique Armour Boutique.
  3228 | D:3      | Found a runed translucent door.
  3229 | D:3      | Noticed Crazy Yiuf
  3238 | D:3      | Learned a level 4 spell: Sticky Flame
  3474 | D:3      | Gained mutation: You have hoof-like feet. [demonic
                  | ancestry]
  3474 | D:3      | Reached XP level 5. HP: 36/36 MP: 9/9
  3695 | D:3      | Reached skill level 3 in Conjurations
  3872 | D:3      | Killed Crazy Yiuf
  4498 | D:4      | Reached XP level 6. HP: 39/42 MP: 11/11
  4673 | D:4      | Noticed Dowan
  4697 | D:4      | Learned a level 5 spell: Fireball
  4699 | D:4      | Noticed Duvessa
  4709 | D:4      | Killed Duvessa
  4710 | D:4      | Reached skill level 4 in Conjurations
  4724 | D:4      | Killed Dowan
  5349 | D:4      | Reached XP level 7. HP: 19/47 MP: 13/13
  5646 | D:4      | Reached skill level 5 in Conjurations
  5741 | D:5      | Entered Level 5 of the Dungeon
  6107 | D:5      | Found a runed translucent door.
  6108 | D:5      | Noticed Harkinian's ghost (novice HOFi)
  6114 | D:5      | Noticed a troll
  6128 | D:5      | Reached skill level 1 in Fighting
  6859 | D:6      | Gained mutation: You have a moderately thin skeletal
                  | structure. (Dex +4, Stealth++) [demonic ancestry]
  6859 | D:6      | Reached XP level 8. HP: 54/54 MP: 15/15
  6865 | D:6      | Reached skill level 5 in Fire Magic
  6929 | D:6      | Reached skill level 5 in Spellcasting
  6929 | D:6      | Reached skill level 6 in Conjurations
  6940 | D:6      | HP: 2/54 [orc priest/divine providence (8)]
  6940 | D:6      | Slain by an iguana

Illustrated notes

Levels and vault maps discovered:
D:1:      mrwooster_arrival_arrow, layout_basic,
          hellmonk_ecumenical_altar_watching_god
D:2:      layout_basic, serial_shops,
          nicolae_shop_temple_entry_statues_fountains, serial_bayou_ford_a,
          uniq_robin
D:3:      layout_basic, uniq_crazy_yiuf_cottage
D:4:      layout_basic, minmay_close_crescents, uniq_duvessa
D:5:      layout_gridville, ebering_ghost_inner_flame, minmay_misc_feat_tower
D:6:      kennysheep_spiral_hall, layout_rooms, chequers_ossuary_entry_cave,
          kennysheep_nub, serial_bayou_pond_c, uniq_edmund

Skill      XL: |  1  2  3  4  5  6  7  8 |
---------------+-------------------------+-----
Dodging        | 2 |  2.4
Fire Magic     | 3 4 5 |  5.0
Stealth        | 2 |  2.0
Conjurations   | 2 3 4 5 6 |  6.0
Spellcasting   | 3 4 5 |  5.0
Fighting       | 1 |  1.2

Action                   |  1- 3 |  4- 6 |  7- 9 || total
-------------------------+-------+-------+-------++-------
Melee: Club              |    21 |       |       ||    21
       Kick              |     4 |     2 |    11 ||    17
       Short sword       |    17 |    16 |    40 ||    73
       Mace              |     1 |       |       ||     1
       Quarterstaff      |       |     3 |       ||     3
 Cast: Foxfire           |    88 |   168 |    69 ||   325
       Sticky Flame      |       |     2 |     5 ||     7
 Stab: Sleeping          |     4 |     4 |     3 ||    11
Armor: Robe              |    16 |     6 |     8 ||    30
Dodge: Dodged            |    66 |    21 |    37 ||   124

Table legend: (Time is in decaauts)
 A = Elapsed time spent in this place.
 B = Non-inter-level travel time spent in this place.
 C = Inter-level travel time spent in this place.
 D = Time resting spent in this place.
 E = Time spent auto-exploring this place.
 F = Levels seen in this place.
 G = Mean time per level.
                   A        B        C        D        E       F      G
               +--------+--------+--------+--------+--------+-----+--------+
         Total |   6971 |   6784 |    187 |    637 |   4798 |   6 | 1161.8 |
       Dungeon |   6971 |   6784 |    187 |    637 |   4798 |   6 | 1161.8 |
               +--------+--------+--------+--------+--------+-----+--------+

Top non-repeatable levels by time:
     D:1: 1602 daAuts
     D:4: 1587 daAuts
     D:2: 1545 daAuts
     D:5: 1111 daAuts
     D:3: 1034 daAuts
     D:6: 90 daAuts
